 Dungeon Crawl Stone Soup version 0.16-a0-3192-g4847bf6 (webtiles) character file.

1294 Miyamura the Grasshopper (level 8, 0/42 HPs)
             Began as a Vine Stalker Warper on Dec 17, 2014.
             Succumbed to a water moccasin's poison
             ... on level 6 of the Dungeon.
             The game lasted 00:32:55 (5959 turns).

Miyamura the Grasshopper (Vine Stalker Warper)      Turns: 5959, Time: 00:32:56

Health: 0/42       AC:  7    Str: 13    XL:     8   Next: 56%
Magic:  12/20      EV: 13    Int: 15    God:
Gold:   305        SH:  0    Dex: 15    Spells: 6 memorised, 2 levels left

rFire  . . .     SeeInvis .     a - +1 spear
rCold  . . .     Clarity  .     x - +2 leather armour {MR+}
rNeg   . . .     SustAb   .     (no shield)
rPois  .         Gourm    .     (no helmet)
rElec  .         Spirit   +     (no cloak)
rCorr  .         Warding  .     o - +1 pair of gloves
rMut   .         Stasis   .     (no boots)
MR     ++...                    (no amulet)
Stlth  +.........               (no ring)
                                (no ring)

@: confused, lethally poisoned, very slightly contaminated, starving, very
resistant to hostile enchantments, very unstealthy
A: fangs 3, regeneration 2, spit poison 1, magic shield, antimagic bite, no
device heal 3, rot immunity
a: Spit Poison


You were on level 6 of the Dungeon.
You were starving.

You visited 1 branch of the dungeon, and saw 6 of its levels.

You collected 305 gold pieces.

Inventory:

Hand weapons
 a - a +1 spear (weapon)
Missiles
 e - 5 tomahawks of dispersal (quivered)
 t - 3 tomahawks
Armour
 o - a +1 pair of gloves (worn)
 x - a +2 leather armour of magic resistance (worn)
Jewellery
 m - an uncursed ring of protection from cold
 F - an uncursed ring of fire
Magical devices
 j - a wand of digging (11)
 w - a wand of draining (0)
 J - a wand of polymorph (0)
Scrolls
 i - a scroll of noise {unknown}
 l - a scroll of fog {unknown}
 q - a scroll of fear {unknown}
 y - a scroll of teleportation {unknown}
 B - 2 scrolls of remove curse
 D - a scroll of amnesia
Potions
 g - a potion of ambrosia
 h - a potion of mutation {unknown}
 n - 2 potions of curing {unknown}
 u - a potion of heal wounds {unknown}
 A - a potion of restore abilities {unknown}
 G - 2 potions of lignification {unknown}
 H - a potion of degeneration {unknown}
 I - a potion of agility {unknown}
 K - a potion of berserk rage {unknown}
 L - a potion of resistance {unknown}
 M - 2 potions of brilliance {unknown}
Books
 c - a book of Spatial Translocations

   Spells                             Type                      Level
   a - Apportation                    Translocation                1
   b - Blink                          Translocation                2
   c - Shroud of Golubria             Charms/Translocation         2
   d - Portal Projectile              Translocation                3
   e - Teleport Other                 Translocation                3
   f - Passage of Golubria            Translocation                4
 k - a book of Minor Magic

   Spells                             Type                      Level
   a - Magic Dart                     Conjuration                  1
   b - Blink                          Translocation                2
   c - Call Imp                       Summoning                    2
   d - Repel Missiles                 Charms/Air                   2
   e - Slow                           Hexes                        2
   f - Conjure Flame                  Conjuration/Fire             3
   g - Mephitic Cloud                 Conjuration/Poison/Air       3
Comestibles
 f - 3 bread rations
 p - 2 beef jerkies
 s - a slice of pizza
 E - 2 meat rations


   Skills:
 + Level 4.2 Fighting
 + Level 4.0 Polearms
 - Level 0.8 Throwing
 + Level 3.5 Armour
 + Level 3.7 Dodging
 + Level 4.2 Spellcasting
 + Level 5.0 Translocations


You had 2 spell levels left.
You knew the following spells:

 Your Spells              Type           Power        Failure   Level  Hunger
a - Apportation           Tloc           ###.......   1%          1    None
b - Blink                 Tloc           N/A          3%          2    ##.....
c - Slow                  Hex            #.......     28%         2    ##.....
d - Repel Missiles        Chrm/Air       #.....       28%         2    ##.....
p - Passage of Golubria   Tloc           N/A          24%         4    ####...
s - Shroud of Golubria    Chrm/Tloc      ##........   12%         2    ##.....


Dungeon Overview and Level Annotations

Branches:
Dungeon (6/15)
 Temple: D:4-7

Altars:
Xom

Annotations:
D:5 Blork the orc, Prince Ribbit


Innate Abilities, Weirdness & Mutations

You have razor-sharp teeth.
You heal very quickly.
When hurt, damage is shared between your health and your magic reserves.
Your bite disrupts and absorbs the magic of your enemies.
Potions and wands cannot restore your health.
You are immune to rotting.
You can spit poison.


Message History

Read which item? (? for menu, Esc to quit)
As you read the scroll labeled MAUNEK XOCEASH, it crumbles to dust.
It is a scroll of enchant armour.
Enchant which item? (? for menu, Esc to quit)
Your cursed +0 pair of gloves glows green for a moment.
You feel sick.
The water moccasin bites you but does no damage.
The water moccasin bites you.
* * * LOW HITPOINT WARNING * * *
You are more poisoned.
The water moccasin poisons you!
Drink which item? (? for menu, Esc to quit)
You are confused.
You feel invigorated.
* * * LOW HITPOINT WARNING * * *
You feel sick.
The water moccasin completely misses you.
* * * LOW HITPOINT WARNING * * *
You feel sick. The water moccasin barely misses you.
You die...

........#.##..##
...............####
##......ยง.#.......#
######.#.###..##.#
..S#...#..##.#
##+#.###.#..##.#
#....###.#..##.#
#......S....##.#
#..).###.##.#@S#
#..... #.##.#..#
#....# #.##.#..#
#...## #.##.#..#
#...
#.#..#..#######.
#...
#.#..#.......... ###
#.#.##.#########
#.#....# #.######


You could see a water moccasin (inner flame).

Vanquished Creatures
  Eustachio (D:5)
  Edmund (D:4)
  Menkaure (D:4)
  2 ogres
  A sky beast (D:5)
  2 crimson imps
  A giant frog zombie (D:4)
  3 orc priests
  A hound (D:6)
  A giant frog skeleton (D:4)
  An iguana (D:5)
  2 orc wizards (D:4)
  6 worker ants
  Ijyb (D:2)
  Terence (D:2)
  Robin (D:3)
  2 adders
  A worm (D:1)
  An adder zombie (D:5)
  An adder skeleton (D:5)
  3 giant geckos
  14 orcs
  4 bats
  8 giant cockroaches
  8 hobgoblins
  13 jackals
  2 quokkas
  A ball python (D:2)
  8 giant newts
  14 goblins
  A jackal skeleton (D:5)
  14 kobolds
  12 rats
133 creatures vanquished.

Vanquished Creatures (others)
  3 fungi (D:5)
3 creatures vanquished.

Grand Total: 136 creatures vanquished

Notes
Turn   | Place    | Note
--------------------------------------------------------------
     0 | D:1      | Miyamura, the Vine Stalker Warper, began the quest for the Orb.
     0 | D:1      | Reached XP level 1. HP: 11/11 MP: 3/3
   231 | D:1      | Reached XP level 2. HP: 15/15 MP: 6/6
   235 | D:1      | Learned a level 2 spell: Blink
   371 | D:1      | Reached skill level 1 in Armour
   689 | D:2      | Noticed Ijyb
   708 | D:2      | Killed Ijyb
   708 | D:2      | Reached XP level 3. HP: 14/18 MP: 7/7
   933 | D:2      | Noticed Terence
  1132 | D:2      | Killed Terence
  1132 | D:2      | Reached XP level 4. HP: 13/23 MP: 9/9
  1214 | D:2      | Learned a level 4 spell: Passage of Golubria
  1936 | D:3      | Noticed Robin
  1977 | D:3      | Killed Robin
  1983 | D:3      | Reached XP level 5. HP: 25/27 MP: 8/11
  2688 | D:3      | Learned a level 2 spell: Shroud of Golubria
  3033 | D:4      | Gained mutation: You heal very quickly. [vine stalker growth]
  3033 | D:4      | Reached XP level 6. HP: 32/32 MP: 13/13
  3073 | D:5      | Entered Level 5 of the Dungeon
  3400 | D:4      | Reached skill level 4 in Translocations
  3470 | D:4      | Noticed Edmund
  3790 | D:3      | Reached XP level 7. HP: 13/36 MP: 13/16
  3901 | D:4      | Killed Edmund
  4010 | D:4      | Noticed an ogre
  4594 | D:5      | Noticed Menkaure
  4683 | D:5      | Noticed Prince Ribbit
  4839 | D:4      | Killed an ogre
  4920 | D:4      | Killed Menkaure
  4948 | D:5      | Noticed Eustachio
  5147 | D:5      | Gained mutation: You have razor-sharp teeth. [vine stalker growth]
  5147 | D:5      | Reached XP level 8. HP: 35/42 MP: 12/19
  5249 | D:5      | Noticed Blork the orc
  5333 | D:5      | Killed Eustachio
  5337 | D:5      | Learned a level 2 spell: Repel Missiles
  5340 | D:5      | Learned a level 2 spell: Slow
  5680 | D:5      | Gained mutation: You can spit poison. [mutagenic meat]
  5886 | D:6      | Found a shimmering altar of Xom.
  5909 | D:6      | Reached skill level 5 in Translocations
  5958 | D:6      | HP: 1/42 [poisoned by a water moccasin]
  5959 | D:6      | Succumbed to a water moccasin's poison

Action                   |  1- 3 |  4- 6 |  7- 9 || total
-------------------------+-------+-------+-------++-------
Melee: Spear             |   158 |   474 |   294 ||   926
       Unarmed           |       |       |     2 ||     2
 Cast: Shroud of Golubri |       |     9 |     3 ||    12
       Blink             |       |     2 |    33 ||    35
       Passage of Golubr |       |       |     1 ||     1
       Slow              |       |       |     8 ||     8
Evoke: Wand              |       |     1 |       ||     1
  Use: Scroll            |       |       |    10 ||    10
       Potion            |       |       |     1 ||     1
 Stab: Sleeping          |     1 |       |       ||     1
  Eat: Chunk             |       |     9 |     6 ||    15
       Meat ration       |       |       |     1 ||     1
